 Dungeon Crawl Stone Soup version 0.28.0-53-g5a82cb258f (webtiles) character file.

Game seed: 14648911766978928093

16 Zeld the Gusty (level 2, 0/15 HPs)
             Began as a Tengu Air Elementalist on June 7, 2022.
             Slain by a water moccasin (4 damage)
             ... in a sewer.
             The game lasted 00:01:18 (1352 turns).

Zeld the Gusty (Tengu Air Elementalist)             Turns: 1352, Time: 00:01:18

Health: 0/15       AC:  2    Str:  8    XL:     2   Next: 58%
Magic:  1/6        EV: 12    Int: 15    God:
Gold:   37         SH:  0    Dex: 14    Spells: 2/5 levels left

rFire   . . .      SeeInvis .   (no weapon)
rCold   . . .      Faith    .   (no shield)
rNeg    . . .      Spirit   .   a - +0 robe
rPois   .          Reflect  .   (helmet restricted)
rElec   .          Harm     .   (no cloak)
rCorr   .          Rampage  .   (no gloves)
Will    .....                   (boots unavailable)
Stlth   ++........              (no amulet)
HPRegen 0.05/turn               (no ring)
MPRegen 0.10/turn               (no ring)

@: lethally poisoned (0 -> -14), very slightly contaminated
A: beak, talons 3
a: no special abilities


You were in a sewer.
You visited 1 branch of the dungeon, and saw 3 of its levels.
You also visited: Sewer.

You collected 37 gold pieces.

Inventory:

Armour
 a - a +0 robe (worn)
Scrolls
 c - a scroll of blinking {unknown}
 e - a scroll of identify {unknown}
 h - a scroll of teleportation {unknown}
Potions
 b - a potion of ambrosia {unknown}
 d - 2 potions of lignification {unknown}
 f - a potion of degeneration {unknown}
 g - 3 potions of might {unknown}


   Skills:
 - Level 2.1 Dodging
 - Level 2.0 Stealth
 * Level 2.3 Spellcasting
 + Level 2.0 Conjurations
 * Level 4.5 Air Magic


You had 2 spell levels left.
You knew the following spells:

 Your Spells              Type           Power      Damage    Failure   Level
a - Shock                 Conj/Air       44%        1d5       5%          1
b - Static Discharge      Conj/Air       11%        N/A       9%          2

Your spell library contained the following spells:

 Spells                   Type           Power      Damage    Failure   Level
 Swiftness                Air            15%        N/A       10%         3
 Airstrike                Air            7%         N/A       32%         4


Dungeon Overview and Level Annotations

Branches:
Dungeon (3/15)              Sewer (1/1)

Altars:

Shops:
D:2 (


Innate Abilities, Weirdness & Mutations

You have a beak for a mouth.
You have claws for feet.


Message History

You enter the shallow water.
Moving in this stuff is going to be slow.
You enter the shallow water.
Moving in this stuff is going to be slow.
A water moccasin comes into view.
Found a chain mail and a Trismegistus Codex.
Press: ? - help, v - describe, . - travel The floor.
You enter the shallow water.
Moving in this stuff is going to be slow.
You enter the shallow water.
Moving in this stuff is going to be slow.
You enter the shallow water.
Moving in this stuff is going to be slow.
You enter the shallow water.
Moving in this stuff is going to be slow.
You aren't carrying any items that you can evoke.
Unknown command.
Found 23 gold pieces and 22 stones.
The zap hits the water moccasin.
The water moccasin is lightly wounded.
The water moccasin hisses angrily.
The zap hits the water moccasin.
The water moccasin is moderately wounded.
The zap hits the water moccasin.
The water moccasin is moderately wounded.
You miscast Shock.
You are very lightly contaminated with residual magic.
Nothing appears to happen.
Casting: Shock (safe; 5% risk of failure)
Confirm with . or Enter, or press ? or * to list all spells.
The water moccasin is struck by an arc of lightning.
The water moccasin is heavily wounded.
You are struck by an arc of lightning.
The lightning grounds out.
The water moccasin bites you!
Ouch! That really hurt!
* * * LOW HITPOINT WARNING * * *
You are lethally poisoned!
The water moccasin poisons you! The water moccasin bites you.
You die...

# # # ######## #
###.≈....### ## :
###..≈..≈..≈.### #.
[.##≈.S@.####..≈..###
#. ##..≈.≈###
###.....###. .≈≈≈≈.#
##..≈...≈≈ ##..≈..###
###≈....###.
$≈##...≈≈####≈..≈.###
#. ( ###....≈.....###
#. ###......### ##
######## # #


You could see a water moccasin.

Vanquished Creatures
  A ball python (D:1)
  A giant cockroach (D:3)
  2 goblins
  2 jackals (Sewer)
  4 quokkas
  A frilled lizard (D:2)
  3 kobolds
14 creatures vanquished.

Notes
Turn   | Place    | Note
-------+----------+-------------------------------------------
     0 | D:1      | Zeld the Tengu Air Elementalist began the quest for the
                  | Orb.
     0 | D:1      | Reached XP level 1. HP: 10/10 MP: 4/4
   807 | D:2      | Reached XP level 2. HP: 12/15 MP: 0/6
   810 | D:2      | Learned a level 2 spell: Static Discharge
   927 | D:2      | Found Miusuolu's Antique Weapon Emporium.
   950 | D:3      | Found a glowing drain.
  1017 | Sewer    | Entered a sewer
  1328 | Sewer    | Noticed a water moccasin
  1352 | Sewer    | Slain by a water moccasin

Illustrated notes

Levels and vault maps discovered:
D:1:      dpeg_arrival_circle_labyrinth_c, layout_basic
D:2:      layout_loops_ring, basic_altar, hellmonk_ecumenical_altar_blasted,
          serial_shops, nicolae_shop_hallway_stairs, shop, shop_fountains,
          nicolae_shop_trees, minmay_tromino_mix6
D:3:      layout_loops_corners, serial_shops, shop, gup_sewer_entry_pipe,
          minmay_crystal_water, uniq_grinder, uniq_robin
Sewer:    sewer_the_moccasin

Skill      XL: |  1  2 |
---------------+-------+-----
Conjurations   | 2 |  2.0
Dodging        | |  2.1
Stealth        | |  2.0
Spellcasting   | |  2.3
Air Magic      | |  4.5

Action                   || total
-------------------------++-------
Melee: Unarmed           ||    11
       Kick              ||     5
       Peck              ||     2
 Cast: Shock             ||    32
       Static Discharge  ||     1
Armor: Robe              ||     7
Dodge: Dodged            ||    25
